%YAML 1.1
%TAG !u! tag:unity3d.com,2011:
--- !u!1 &745534141478125613
GameObject:
  m_ObjectHideFlags: 0
  m_CorrespondingSourceObject: {fileID: 0}
  m_PrefabInstance: {fileID: 0}
  m_PrefabAsset: {fileID: 0}
  serializedVersion: 6
  m_Component:
  - component: {fileID: 1336890009449719594}
  - component: {fileID: 7531949696452924439}
  m_Layer: 0
  m_Name: Level 8
  m_TagString: Untagged
  m_Icon: {fileID: 0}
  m_NavMeshLayer: 0
  m_StaticEditorFlags: 0
  m_IsActive: 1
--- !u!4 &1336890009449719594
Transform:
  m_ObjectHideFlags: 0
  m_CorrespondingSourceObject: {fileID: 0}
  m_PrefabInstance: {fileID: 0}
  m_PrefabAsset: {fileID: 0}
  m_GameObject: {fileID: 745534141478125613}
  m_LocalRotation: {x: 0, y: 0, z: 0, w: 1}
  m_LocalPosition: {x: 0, y: 0, z: 0}
  m_LocalScale: {x: 5, y: 5, z: 5}
  m_Children:
  - {fileID: 4015272896309995408}
  - {fileID: 7563906136817345561}
  - {fileID: 5343327070549648832}
  - {fileID: 1261302626094264797}
  - {fileID: 1774719618846009370}
  - {fileID: 2433061181516995510}
  - {fileID: 7920601476390456720}
  m_Father: {fileID: 0}
  m_RootOrder: 0
  m_LocalEulerAnglesHint: {x: 0, y: 0, z: 0}
--- !u!114 &7531949696452924439
MonoBehaviour:
  m_ObjectHideFlags: 0
  m_CorrespondingSourceObject: {fileID: 0}
  m_PrefabInstance: {fileID: 0}
  m_PrefabAsset: {fileID: 0}
  m_GameObject: {fileID: 745534141478125613}
  m_Enabled: 1
  m_EditorHideFlags: 0
  m_Script: {fileID: 11500000, guid: 0d38a2a67a6d84fcb984cf7eafb31f9d, type: 3}
  m_Name: 
  m_EditorClassIdentifier: 
  threeStars: 1
  twoStars: 2
  oneStar: 3
  currentStars: 0
  startPoint: {fileID: 1292435622646363520}
  endPoint: {fileID: 0}
  unlockableCoinImage: {fileID: 2181072596946054706, guid: b00d7a6861ab34c0585d63d535d5172b,
    type: 3}
--- !u!1 &1292435622646363520
GameObject:
  m_ObjectHideFlags: 0
  m_CorrespondingSourceObject: {fileID: 0}
  m_PrefabInstance: {fileID: 0}
  m_PrefabAsset: {fileID: 0}
  serializedVersion: 6
  m_Component:
  - component: {fileID: 1774719618846009370}
  - component: {fileID: 2649509535326482225}
  m_Layer: 0
  m_Name: Start
  m_TagString: Start
  m_Icon: {fileID: 0}
  m_NavMeshLayer: 0
  m_StaticEditorFlags: 0
  m_IsActive: 1
--- !u!4 &1774719618846009370
Transform:
  m_ObjectHideFlags: 0
  m_CorrespondingSourceObject: {fileID: 0}
  m_PrefabInstance: {fileID: 0}
  m_PrefabAsset: {fileID: 0}
  m_GameObject: {fileID: 1292435622646363520}
  m_LocalRotation: {x: 0, y: 0, z: 0, w: 1}
  m_LocalPosition: {x: -1.366, y: 0.181, z: -0.194}
  m_LocalScale: {x: 1, y: 1, z: 1}
  m_Children: []
  m_Father: {fileID: 1336890009449719594}
  m_RootOrder: 4
  m_LocalEulerAnglesHint: {x: 0, y: 0, z: 0}
--- !u!135 &2649509535326482225
SphereCollider:
  m_ObjectHideFlags: 0
  m_CorrespondingSourceObject: {fileID: 0}
  m_PrefabInstance: {fileID: 0}
  m_PrefabAsset: {fileID: 0}
  m_GameObject: {fileID: 1292435622646363520}
  m_Material: {fileID: 0}
  m_IsTrigger: 1
  m_Enabled: 1
  serializedVersion: 2
  m_Radius: 0.05
  m_Center: {x: 0, y: 0, z: 0}
--- !u!1 &5408672803082160344
GameObject:
  m_ObjectHideFlags: 0
  m_CorrespondingSourceObject: {fileID: 0}
  m_PrefabInstance: {fileID: 0}
  m_PrefabAsset: {fileID: 0}
  serializedVersion: 6
  m_Component:
  - component: {fileID: 1261302626094264797}
  m_Layer: 0
  m_Name: Objects
  m_TagString: Untagged
  m_Icon: {fileID: 0}
  m_NavMeshLayer: 0
  m_StaticEditorFlags: 0
  m_IsActive: 1
--- !u!4 &1261302626094264797
Transform:
  m_ObjectHideFlags: 0
  m_CorrespondingSourceObject: {fileID: 0}
  m_PrefabInstance: {fileID: 0}
  m_PrefabAsset: {fileID: 0}
  m_GameObject: {fileID: 5408672803082160344}
  m_LocalRotation: {x: -0, y: -0, z: -0, w: 1}
  m_LocalPosition: {x: 0, y: 0, z: 0.009}
  m_LocalScale: {x: 1, y: 1, z: 1}
  m_Children:
  - {fileID: 5318985352062296943}
  - {fileID: 2136422450928336772}
  - {fileID: 3620005440076421142}
  - {fileID: 973782850230638107}
  - {fileID: 6867036676485141367}
  - {fileID: 8274773411860469250}
  - {fileID: 1421965537688364138}
  - {fileID: 7487119711519543588}
  - {fileID: 3777880783665911620}
  - {fileID: 6860328734483244705}
  - {fileID: 5176898797817422810}
  - {fileID: 4621587241564242031}
  - {fileID: 6101615091628238724}
  - {fileID: 994498840250741622}
  - {fileID: 6846236375488850049}
  - {fileID: 1024129547510316860}
  - {fileID: 3438830605323110530}
  - {fileID: 7455314998054567931}
  m_Father: {fileID: 1336890009449719594}
  m_RootOrder: 3
  m_LocalEulerAnglesHint: {x: 0, y: 0, z: 0}
--- !u!1001 &810354320926902899
PrefabInstance:
  m_ObjectHideFlags: 0
  serializedVersion: 2
  m_Modification:
    m_TransformParent: {fileID: 1261302626094264797}
    m_Modifications:
    - target: {fileID: 1148821696479539829, guid: 834e30b6766b888489cd657b93bce111,
        type: 3}
      propertyPath: m_Name
      value: Trampoline (1)
      objectReference: {fileID: 0}
    - target: {fileID: 1766856814106652185, guid: 834e30b6766b888489cd657b93bce111,
        type: 3}
      propertyPath: m_LocalPosition.x
      value: 0.821
      objectReference: {fileID: 0}
    - target: {fileID: 1766856814106652185, guid: 834e30b6766b888489cd657b93bce111,
        type: 3}
      propertyPath: m_LocalPosition.y
      value: 0
      objectReference: {fileID: 0}
    - target: {fileID: 1766856814106652185, guid: 834e30b6766b888489cd657b93bce111,
        type: 3}
      propertyPath: m_LocalPosition.z
      value: 0.68
      objectReference: {fileID: 0}
    - target: {fileID: 1766856814106652185, guid: 834e30b6766b888489cd657b93bce111,
        type: 3}
      propertyPath: m_LocalRotation.x
      value: -0
      objectReference: {fileID: 0}
    - target: {fileID: 1766856814106652185, guid: 834e30b6766b888489cd657b93bce111,
        type: 3}
      propertyPath: m_LocalRotation.y
      value: -0.8675732
      objectReference: {fileID: 0}
    - target: {fileID: 1766856814106652185, guid: 834e30b6766b888489cd657b93bce111,
        type: 3}
      propertyPath: m_LocalRotation.z
      value: -0
      objectReference: {fileID: 0}
    - target: {fileID: 1766856814106652185, guid: 834e30b6766b888489cd657b93bce111,
        type: 3}
      propertyPath: m_LocalRotation.w
      value: 0.4973096
      objectReference: {fileID: 0}
    - target: {fileID: 1766856814106652185, guid: 834e30b6766b888489cd657b93bce111,
        type: 3}
      propertyPath: m_RootOrder
      value: 6
      objectReference: {fileID: 0}
    - target: {fileID: 1766856814106652185, guid: 834e30b6766b888489cd657b93bce111,
        type: 3}
      propertyPath: m_LocalEulerAnglesHint.x
      value: 0
      objectReference: {fileID: 0}
    - target: {fileID: 1766856814106652185, guid: 834e30b6766b888489cd657b93bce111,
        type: 3}
      propertyPath: m_LocalEulerAnglesHint.y
      value: -120.356
      objectReference: {fileID: 0}
    - target: {fileID: 1766856814106652185, guid: 834e30b6766b888489cd657b93bce111,
        type: 3}
      propertyPath: m_LocalEulerAnglesHint.z
      value: 0
      objectReference: {fileID: 0}
    m_RemovedComponents: []
  m_SourcePrefab: {fileID: 100100000, guid: 834e30b6766b888489cd657b93bce111, type: 3}
--- !u!4 &1421965537688364138 stripped
Transform:
  m_CorrespondingSourceObject: {fileID: 1766856814106652185, guid: 834e30b6766b888489cd657b93bce111,
    type: 3}
  m_PrefabInstance: {fileID: 810354320926902899}
  m_PrefabAsset: {fileID: 0}
--- !u!1001 &1258690701821063527
PrefabInstance:
  m_ObjectHideFlags: 0
  serializedVersion: 2
  m_Modification:
    m_TransformParent: {fileID: 1261302626094264797}
    m_Modifications:
    - target: {fileID: 7997347997104644123, guid: 03113b7c1800f2841a03ef3f5f7f1e6e,
        type: 3}
      propertyPath: m_Name
      value: Chair
      objectReference: {fileID: 0}
    - target: {fileID: 6388092709920068104, guid: 03113b7c1800f2841a03ef3f5f7f1e6e,
        type: 3}
      propertyPath: m_LocalPosition.x
      value: -1.08
      objectReference: {fileID: 0}
    - target: {fileID: 6388092709920068104, guid: 03113b7c1800f2841a03ef3f5f7f1e6e,
        type: 3}
      propertyPath: m_LocalPosition.y
      value: -0.603
      objectReference: {fileID: 0}
    - target: {fileID: 6388092709920068104, guid: 03113b7c1800f2841a03ef3f5f7f1e6e,
        type: 3}
      propertyPath: m_LocalPosition.z
      value: -0.092
      objectReference: {fileID: 0}
    - target: {fileID: 6388092709920068104, guid: 03113b7c1800f2841a03ef3f5f7f1e6e,
        type: 3}
      propertyPath: m_LocalRotation.x
      value: 0.16127479
      objectReference: {fileID: 0}
    - target: {fileID: 6388092709920068104, guid: 03113b7c1800f2841a03ef3f5f7f1e6e,
        type: 3}
      propertyPath: m_LocalRotation.y
      value: -0.6504271
      objectReference: {fileID: 0}
    - target: {fileID: 6388092709920068104, guid: 03113b7c1800f2841a03ef3f5f7f1e6e,
        type: 3}
      propertyPath: m_LocalRotation.z
      value: -0.7281352
      objectReference: {fileID: 0}
    - target: {fileID: 6388092709920068104, guid: 03113b7c1800f2841a03ef3f5f7f1e6e,
        type: 3}
      propertyPath: m_LocalRotation.w
      value: -0.1440634
      objectReference: {fileID: 0}
    - target: {fileID: 6388092709920068104, guid: 03113b7c1800f2841a03ef3f5f7f1e6e,
        type: 3}
      propertyPath: m_RootOrder
      value: 0
      objectReference: {fileID: 0}
    - target: {fileID: 6388092709920068104, guid: 03113b7c1800f2841a03ef3f5f7f1e6e,
        type: 3}
      propertyPath: m_LocalEulerAnglesHint.x
      value: -83.548004
      objectReference: {fileID: 0}
    - target: {fileID: 6388092709920068104, guid: 03113b7c1800f2841a03ef3f5f7f1e6e,
        type: 3}
      propertyPath: m_LocalEulerAnglesHint.y
      value: -24.978
      objectReference: {fileID: 0}
    - target: {fileID: 6388092709920068104, guid: 03113b7c1800f2841a03ef3f5f7f1e6e,
        type: 3}
      propertyPath: m_LocalEulerAnglesHint.z
      value: -179.99998
      objectReference: {fileID: 0}
    m_RemovedComponents: []
  m_SourcePrefab: {fileID: 100100000, guid: 03113b7c1800f2841a03ef3f5f7f1e6e, type: 3}
--- !u!4 &5318985352062296943 stripped
Transform:
  m_CorrespondingSourceObject: {fileID: 6388092709920068104, guid: 03113b7c1800f2841a03ef3f5f7f1e6e,
    type: 3}
  m_PrefabInstance: {fileID: 1258690701821063527}
  m_PrefabAsset: {fileID: 0}
--- !u!1001 &1366989299385072427
PrefabInstance:
  m_ObjectHideFlags: 0
  serializedVersion: 2
  m_Modification:
    m_TransformParent: {fileID: 1261302626094264797}
    m_Modifications:
    - target: {fileID: 8470739817019491536, guid: 4c5992686902d194bae31f13ef321105,
        type: 3}
      propertyPath: m_RootOrder
      value: 17
      objectReference: {fileID: 0}
    - target: {fileID: 8309638002037524425, guid: 4c5992686902d194bae31f13ef321105,
        type: 3}
      propertyPath: m_Name
      value: Mug
      objectReference: {fileID: 0}
    - target: {fileID: 4974958494351259098, guid: 4c5992686902d194bae31f13ef321105,
        type: 3}
      propertyPath: m_LocalPosition.x
      value: -0.0174
      objectReference: {fileID: 0}
    - target: {fileID: 4974958494351259098, guid: 4c5992686902d194bae31f13ef321105,
        type: 3}
      propertyPath: m_LocalPosition.y
      value: 0.10150367
      objectReference: {fileID: 0}
    - target: {fileID: 4974958494351259098, guid: 4c5992686902d194bae31f13ef321105,
        type: 3}
      propertyPath: m_LocalPosition.z
      value: 0.7637
      objectReference: {fileID: 0}
    - target: {fileID: 4974958494351259098, guid: 4c5992686902d194bae31f13ef321105,
        type: 3}
      propertyPath: m_LocalRotation.x
      value: -0.7071068
      objectReference: {fileID: 0}
    - target: {fileID: 4974958494351259098, guid: 4c5992686902d194bae31f13ef321105,
        type: 3}
      propertyPath: m_LocalRotation.y
      value: 0
      objectReference: {fileID: 0}
    - target: {fileID: 4974958494351259098, guid: 4c5992686902d194bae31f13ef321105,
        type: 3}
      propertyPath: m_LocalRotation.z
      value: -0
      objectReference: {fileID: 0}
    - target: {fileID: 4974958494351259098, guid: 4c5992686902d194bae31f13ef321105,
        type: 3}
      propertyPath: m_LocalRotation.w
      value: 0.7071068
      objectReference: {fileID: 0}
    - target: {fileID: 4974958494351259098, guid: 4c5992686902d194bae31f13ef321105,
        type: 3}
      propertyPath: m_RootOrder
      value: 17
      objectReference: {fileID: 0}
    - target: {fileID: 4974958494351259098, guid: 4c5992686902d194bae31f13ef321105,
        type: 3}
      propertyPath: m_LocalEulerAnglesHint.x
      value: 0
      objectReference: {fileID: 0}
    - target: {fileID: 4974958494351259098, guid: 4c5992686902d194bae31f13ef321105,
        type: 3}
      propertyPath: m_LocalEulerAnglesHint.y
      value: 0
      objectReference: {fileID: 0}
    - target: {fileID: 4974958494351259098, guid: 4c5992686902d194bae31f13ef321105,
        type: 3}
      propertyPath: m_LocalEulerAnglesHint.z
      value: 0
      objectReference: {fileID: 0}
    m_RemovedComponents: []
  m_SourcePrefab: {fileID: 100100000, guid: 4c5992686902d194bae31f13ef321105, type: 3}
--- !u!4 &7455314998054567931 stripped
Transform:
  m_CorrespondingSourceObject: {fileID: 8470739817019491536, guid: 4c5992686902d194bae31f13ef321105,
    type: 3}
  m_PrefabInstance: {fileID: 1366989299385072427}
  m_PrefabAsset: {fileID: 0}
--- !u!1001 &1389830338507586681
PrefabInstance:
  m_ObjectHideFlags: 0
  serializedVersion: 2
  m_Modification:
    m_TransformParent: {fileID: 1261302626094264797}
    m_Modifications:
    - target: {fileID: 4086148507123610094, guid: 695f50e3959bb9b4a9082b72a925ec2d,
        type: 3}
      propertyPath: m_Name
      value: Add bottle
      objectReference: {fileID: 0}
    - target: {fileID: 1076276413403661309, guid: 695f50e3959bb9b4a9082b72a925ec2d,
        type: 3}
      propertyPath: m_LocalPosition.x
      value: 0.982
      objectReference: {fileID: 0}
    - target: {fileID: 1076276413403661309, guid: 695f50e3959bb9b4a9082b72a925ec2d,
        type: 3}
      propertyPath: m_LocalPosition.y
      value: 0.0306
      objectReference: {fileID: 0}
    - target: {fileID: 1076276413403661309, guid: 695f50e3959bb9b4a9082b72a925ec2d,
        type: 3}
      propertyPath: m_LocalPosition.z
      value: 0.719
      objectReference: {fileID: 0}
    - target: {fileID: 1076276413403661309, guid: 695f50e3959bb9b4a9082b72a925ec2d,
        type: 3}
      propertyPath: m_LocalRotation.x
      value: 0.70712715
      objectReference: {fileID: 0}
    - target: {fileID: 1076276413403661309, guid: 695f50e3959bb9b4a9082b72a925ec2d,
        type: 3}
      propertyPath: m_LocalRotation.y
      value: -0
      objectReference: {fileID: 0}
    - target: {fileID: 1076276413403661309, guid: 695f50e3959bb9b4a9082b72a925ec2d,
        type: 3}
      propertyPath: m_LocalRotation.z
      value: -0.7070865
      objectReference: {fileID: 0}
    - target: {fileID: 1076276413403661309, guid: 695f50e3959bb9b4a9082b72a925ec2d,
        type: 3}
      propertyPath: m_LocalRotation.w
      value: 0
      objectReference: {fileID: 0}
    - target: {fileID: 1076276413403661309, guid: 695f50e3959bb9b4a9082b72a925ec2d,
        type: 3}
      propertyPath: m_RootOrder
      value: 1
      objectReference: {fileID: 0}
    - target: {fileID: 1076276413403661309, guid: 695f50e3959bb9b4a9082b72a925ec2d,
        type: 3}
      propertyPath: m_LocalEulerAnglesHint.x
      value: 180
      objectReference: {fileID: 0}
    - target: {fileID: 1076276413403661309, guid: 695f50e3959bb9b4a9082b72a925ec2d,
        type: 3}
      propertyPath: m_LocalEulerAnglesHint.y
      value: 89.996994
      objectReference: {fileID: 0}
    - target: {fileID: 1076276413403661309, guid: 695f50e3959bb9b4a9082b72a925ec2d,
        type: 3}
      propertyPath: m_LocalEulerAnglesHint.z
      value: -0.000015258789
      objectReference: {fileID: 0}
    m_RemovedComponents: []
  m_SourcePrefab: {fileID: 100100000, guid: 695f50e3959bb9b4a9082b72a925ec2d, type: 3}
--- !u!4 &2136422450928336772 stripped
Transform:
  m_CorrespondingSourceObject: {fileID: 1076276413403661309, guid: 695f50e3959bb9b4a9082b72a925ec2d,
    type: 3}
  m_PrefabInstance: {fileID: 1389830338507586681}
  m_PrefabAsset: {fileID: 0}
--- !u!1001 &2896950809366365543
PrefabInstance:
  m_ObjectHideFlags: 0
  serializedVersion: 2
  m_Modification:
    m_TransformParent: {fileID: 1261302626094264797}
    m_Modifications:
    - target: {fileID: 3194045501061885794, guid: 2d8501881b82b0047970dd3d5fe352d7,
        type: 3}
      propertyPath: m_Name
      value: Ashtray
      objectReference: {fileID: 0}
    - target: {fileID: 1875994080227138929, guid: 2d8501881b82b0047970dd3d5fe352d7,
        type: 3}
      propertyPath: m_LocalPosition.x
      value: 0.668
      objectReference: {fileID: 0}
    - target: {fileID: 1875994080227138929, guid: 2d8501881b82b0047970dd3d5fe352d7,
        type: 3}
      propertyPath: m_LocalPosition.y
      value: 0.0059
      objectReference: {fileID: 0}
    - target: {fileID: 1875994080227138929, guid: 2d8501881b82b0047970dd3d5fe352d7,
        type: 3}
      propertyPath: m_LocalPosition.z
      value: 0.721
      objectReference: {fileID: 0}
    - target: {fileID: 1875994080227138929, guid: 2d8501881b82b0047970dd3d5fe352d7,
        type: 3}
      propertyPath: m_LocalRotation.x
      value: -0.7071068
      objectReference: {fileID: 0}
    - target: {fileID: 1875994080227138929, guid: 2d8501881b82b0047970dd3d5fe352d7,
        type: 3}
      propertyPath: m_LocalRotation.y
      value: 0
      objectReference: {fileID: 0}
    - target: {fileID: 1875994080227138929, guid: 2d8501881b82b0047970dd3d5fe352d7,
        type: 3}
      propertyPath: m_LocalRotation.z
      value: -0
      objectReference: {fileID: 0}
    - target: {fileID: 1875994080227138929, guid: 2d8501881b82b0047970dd3d5fe352d7,
        type: 3}
      propertyPath: m_LocalRotation.w
      value: 0.7071068
      objectReference: {fileID: 0}
    - target: {fileID: 1875994080227138929, guid: 2d8501881b82b0047970dd3d5fe352d7,
        type: 3}
      propertyPath: m_RootOrder
      value: 2
      objectReference: {fileID: 0}
    - target: {fileID: 1875994080227138929, guid: 2d8501881b82b0047970dd3d5fe352d7,
        type: 3}
      propertyPath: m_LocalEulerAnglesHint.x
      value: 0
      objectReference: {fileID: 0}
    - target: {fileID: 1875994080227138929, guid: 2d8501881b82b0047970dd3d5fe352d7,
        type: 3}
      propertyPath: m_LocalEulerAnglesHint.y
      value: 0
      objectReference: {fileID: 0}
    - target: {fileID: 1875994080227138929, guid: 2d8501881b82b0047970dd3d5fe352d7,
        type: 3}
      propertyPath: m_LocalEulerAnglesHint.z
      value: 0
      objectReference: {fileID: 0}
    m_RemovedComponents: []
  m_SourcePrefab: {fileID: 100100000, guid: 2d8501881b82b0047970dd3d5fe352d7, type: 3}
--- !u!4 &3620005440076421142 stripped
Transform:
  m_CorrespondingSourceObject: {fileID: 1875994080227138929, guid: 2d8501881b82b0047970dd3d5fe352d7,
    type: 3}
  m_PrefabInstance: {fileID: 2896950809366365543}
  m_PrefabAsset: {fileID: 0}
--- !u!1001 &3343188402874010165
PrefabInstance:
  m_ObjectHideFlags: 0
  serializedVersion: 2
  m_Modification:
    m_TransformParent: {fileID: 1261302626094264797}
    m_Modifications:
    - target: {fileID: 3194045501061885794, guid: 2d8501881b82b0047970dd3d5fe352d7,
        type: 3}
      propertyPath: m_Name
      value: Ashtray (1)
      objectReference: {fileID: 0}
    - target: {fileID: 1875994080227138929, guid: 2d8501881b82b0047970dd3d5fe352d7,
        type: 3}
      propertyPath: m_LocalPosition.x
      value: -0.0951
      objectReference: {fileID: 0}
    - target: {fileID: 1875994080227138929, guid: 2d8501881b82b0047970dd3d5fe352d7,
        type: 3}
      propertyPath: m_LocalPosition.y
      value: 0.0171
      objectReference: {fileID: 0}
    - target: {fileID: 1875994080227138929, guid: 2d8501881b82b0047970dd3d5fe352d7,
        type: 3}
      propertyPath: m_LocalPosition.z
      value: -0.8923
      objectReference: {fileID: 0}
    - target: {fileID: 1875994080227138929, guid: 2d8501881b82b0047970dd3d5fe352d7,
        type: 3}
      propertyPath: m_LocalRotation.x
      value: -0.7071068
      objectReference: {fileID: 0}
    - target: {fileID: 1875994080227138929, guid: 2d8501881b82b0047970dd3d5fe352d7,
        type: 3}
      propertyPath: m_LocalRotation.y
      value: 0
      objectReference: {fileID: 0}
    - target: {fileID: 1875994080227138929, guid: 2d8501881b82b0047970dd3d5fe352d7,
        type: 3}
      propertyPath: m_LocalRotation.z
      value: -0
      objectReference: {fileID: 0}
    - target: {fileID: 1875994080227138929, guid: 2d8501881b82b0047970dd3d5fe352d7,
        type: 3}
      propertyPath: m_LocalRotation.w
      value: 0.7071068
      objectReference: {fileID: 0}
    - target: {fileID: 1875994080227138929, guid: 2d8501881b82b0047970dd3d5fe352d7,
        type: 3}
      propertyPath: m_RootOrder
      value: 8
      objectReference: {fileID: 0}
    - target: {fileID: 1875994080227138929, guid: 2d8501881b82b0047970dd3d5fe352d7,
        type: 3}
      propertyPath: m_LocalEulerAnglesHint.x
      value: 0
      objectReference: {fileID: 0}
    - target: {fileID: 1875994080227138929, guid: 2d8501881b82b0047970dd3d5fe352d7,
        type: 3}
      propertyPath: m_LocalEulerAnglesHint.y
      value: 0
      objectReference: {fileID: 0}
    - target: {fileID: 1875994080227138929, guid: 2d8501881b82b0047970dd3d5fe352d7,
        type: 3}
      propertyPath: m_LocalEulerAnglesHint.z
      value: 0
      objectReference: {fileID: 0}
    m_RemovedComponents: []
  m_SourcePrefab: {fileID: 100100000, guid: 2d8501881b82b0047970dd3d5fe352d7, type: 3}
--- !u!4 &3777880783665911620 stripped
Transform:
  m_CorrespondingSourceObject: {fileID: 1875994080227138929, guid: 2d8501881b82b0047970dd3d5fe352d7,
    type: 3}
  m_PrefabInstance: {fileID: 3343188402874010165}
  m_PrefabAsset: {fileID: 0}
--- !u!1001 &3435204743937028515
PrefabInstance:
  m_ObjectHideFlags: 0
  serializedVersion: 2
  m_Modification:
    m_TransformParent: {fileID: 1261302626094264797}
    m_Modifications:
    - target: {fileID: 5113172097649240881, guid: f76bc534d0e244d4a87835ede1011540,
        type: 3}
      propertyPath: m_Name
      value: Unlucky_strikes (3)
      objectReference: {fileID: 0}
    - target: {fileID: 8119703389493041442, guid: f76bc534d0e244d4a87835ede1011540,
        type: 3}
      propertyPath: m_LocalPosition.x
      value: -1.1582932
      objectReference: {fileID: 0}
    - target: {fileID: 8119703389493041442, guid: f76bc534d0e244d4a87835ede1011540,
        type: 3}
      propertyPath: m_LocalPosition.y
      value: 0.0172
      objectReference: {fileID: 0}
    - target: {fileID: 8119703389493041442, guid: f76bc534d0e244d4a87835ede1011540,
        type: 3}
      propertyPath: m_LocalPosition.z
      value: -0.5639428
      objectReference: {fileID: 0}
    - target: {fileID: 8119703389493041442, guid: f76bc534d0e244d4a87835ede1011540,
        type: 3}
      propertyPath: m_LocalRotation.x
      value: 0.49161008
      objectReference: {fileID: 0}
    - target: {fileID: 8119703389493041442, guid: f76bc534d0e244d4a87835ede1011540,
        type: 3}
      propertyPath: m_LocalRotation.y
      value: -0.49161008
      objectReference: {fileID: 0}
    - target: {fileID: 8119703389493041442, guid: f76bc534d0e244d4a87835ede1011540,
        type: 3}
      propertyPath: m_LocalRotation.z
      value: -0.5082514
      objectReference: {fileID: 0}
    - target: {fileID: 8119703389493041442, guid: f76bc534d0e244d4a87835ede1011540,
        type: 3}
      propertyPath: m_LocalRotation.w
      value: 0.5082514
      objectReference: {fileID: 0}
    - target: {fileID: 8119703389493041442, guid: f76bc534d0e244d4a87835ede1011540,
        type: 3}
      propertyPath: m_RootOrder
      value: 14
      objectReference: {fileID: 0}
    - target: {fileID: 8119703389493041442, guid: f76bc534d0e244d4a87835ede1011540,
        type: 3}
      propertyPath: m_LocalEulerAnglesHint.x
      value: 0
      objectReference: {fileID: 0}
    - target: {fileID: 8119703389493041442, guid: f76bc534d0e244d4a87835ede1011540,
        type: 3}
      propertyPath: m_LocalEulerAnglesHint.y
      value: -88.093
      objectReference: {fileID: 0}
    - target: {fileID: 8119703389493041442, guid: f76bc534d0e244d4a87835ede1011540,
        type: 3}
      propertyPath: m_LocalEulerAnglesHint.z
      value: -90.00001
      objectReference: {fileID: 0}
    m_RemovedComponents: []
  m_SourcePrefab: {fileID: 100100000, guid: f76bc534d0e244d4a87835ede1011540, type: 3}
--- !u!4 &6846236375488850049 stripped
Transform:
  m_CorrespondingSourceObject: {fileID: 8119703389493041442, guid: f76bc534d0e244d4a87835ede1011540,
    type: 3}
  m_PrefabInstance: {fileID: 3435204743937028515}
  m_PrefabAsset: {fileID: 0}
--- !u!1001 &3498687962817665357
PrefabInstance:
  m_ObjectHideFlags: 0
  serializedVersion: 2
  m_Modification:
    m_TransformParent: {fileID: 1261302626094264797}
    m_Modifications:
    - target: {fileID: 5113172097649240881, guid: f76bc534d0e244d4a87835ede1011540,
        type: 3}
      propertyPath: m_Name
      value: Unlucky_strikes (1)
      objectReference: {fileID: 0}
    - target: {fileID: 8119703389493041442, guid: f76bc534d0e244d4a87835ede1011540,
        type: 3}
      propertyPath: m_LocalPosition.x
      value: -1.446
      objectReference: {fileID: 0}
    - target: {fileID: 8119703389493041442, guid: f76bc534d0e244d4a87835ede1011540,
        type: 3}
      propertyPath: m_LocalPosition.y
      value: 0.0172
      objectReference: {fileID: 0}
    - target: {fileID: 8119703389493041442, guid: f76bc534d0e244d4a87835ede1011540,
        type: 3}
      propertyPath: m_LocalPosition.z
      value: -0.208
      objectReference: {fileID: 0}
    - target: {fileID: 8119703389493041442, guid: f76bc534d0e244d4a87835ede1011540,
        type: 3}
      propertyPath: m_LocalRotation.x
      value: 0.17320144
      objectReference: {fileID: 0}
    - target: {fileID: 8119703389493041442, guid: f76bc534d0e244d4a87835ede1011540,
        type: 3}
      propertyPath: m_LocalRotation.y
      value: -0.17320144
      objectReference: {fileID: 0}
    - target: {fileID: 8119703389493041442, guid: f76bc534d0e244d4a87835ede1011540,
        type: 3}
      propertyPath: m_LocalRotation.z
      value: -0.68556637
      objectReference: {fileID: 0}
    - target: {fileID: 8119703389493041442, guid: f76bc534d0e244d4a87835ede1011540,
        type: 3}
      propertyPath: m_LocalRotation.w
      value: 0.68556637
      objectReference: {fileID: 0}
    - target: {fileID: 8119703389493041442, guid: f76bc534d0e244d4a87835ede1011540,
        type: 3}
      propertyPath: m_RootOrder
      value: 11
      objectReference: {fileID: 0}
    - target: {fileID: 8119703389493041442, guid: f76bc534d0e244d4a87835ede1011540,
        type: 3}
      propertyPath: m_LocalEulerAnglesHint.x
      value: 0
      objectReference: {fileID: 0}
    - target: {fileID: 8119703389493041442, guid: f76bc534d0e244d4a87835ede1011540,
        type: 3}
      propertyPath: m_LocalEulerAnglesHint.y
      value: -28.357002
      objectReference: {fileID: 0}
    - target: {fileID: 8119703389493041442, guid: f76bc534d0e244d4a87835ede1011540,
        type: 3}
      propertyPath: m_LocalEulerAnglesHint.z
      value: -90.00001
      objectReference: {fileID: 0}
    m_RemovedComponents: []
  m_SourcePrefab: {fileID: 100100000, guid: f76bc534d0e244d4a87835ede1011540, type: 3}
--- !u!4 &4621587241564242031 stripped
Transform:
  m_CorrespondingSourceObject: {fileID: 8119703389493041442, guid: f76bc534d0e244d4a87835ede1011540,
    type: 3}
  m_PrefabInstance: {fileID: 3498687962817665357}
  m_PrefabAsset: {fileID: 0}
--- !u!1001 &4364821424299806953
PrefabInstance:
  m_ObjectHideFlags: 0
  serializedVersion: 2
  m_Modification:
    m_TransformParent: {fileID: 1336890009449719594}
    m_Modifications:
    - target: {fileID: 4427233329325983082, guid: 68c259836f6ad774bb1229d6b4d6a142,
        type: 3}
      propertyPath: m_Name
      value: Ground
      objectReference: {fileID: 0}
    - target: {fileID: 804992703378503545, guid: 68c259836f6ad774bb1229d6b4d6a142,
        type: 3}
      propertyPath: m_LocalPosition.x
      value: -0
      objectReference: {fileID: 0}
    - target: {fileID: 804992703378503545, guid: 68c259836f6ad774bb1229d6b4d6a142,
        type: 3}
      propertyPath: m_LocalPosition.y
      value: -0.7
      objectReference: {fileID: 0}
    - target: {fileID: 804992703378503545, guid: 68c259836f6ad774bb1229d6b4d6a142,
        type: 3}
      propertyPath: m_LocalPosition.z
      value: 0
      objectReference: {fileID: 0}
    - target: {fileID: 804992703378503545, guid: 68c259836f6ad774bb1229d6b4d6a142,
        type: 3}
      propertyPath: m_LocalRotation.x
      value: -0.7071068
      objectReference: {fileID: 0}
    - target: {fileID: 804992703378503545, guid: 68c259836f6ad774bb1229d6b4d6a142,
        type: 3}
      propertyPath: m_LocalRotation.y
      value: 0
      objectReference: {fileID: 0}
    - target: {fileID: 804992703378503545, guid: 68c259836f6ad774bb1229d6b4d6a142,
        type: 3}
      propertyPath: m_LocalRotation.z
      value: -0
      objectReference: {fileID: 0}
    - target: {fileID: 804992703378503545, guid: 68c259836f6ad774bb1229d6b4d6a142,
        type: 3}
      propertyPath: m_LocalRotation.w
      value: 0.7071068
      objectReference: {fileID: 0}
    - target: {fileID: 804992703378503545, guid: 68c259836f6ad774bb1229d6b4d6a142,
        type: 3}
      propertyPath: m_RootOrder
      value: 0
      objectReference: {fileID: 0}
    - target: {fileID: 804992703378503545, guid: 68c259836f6ad774bb1229d6b4d6a142,
        type: 3}
      propertyPath: m_LocalEulerAnglesHint.x
      value: 0
      objectReference: {fileID: 0}
    - target: {fileID: 804992703378503545, guid: 68c259836f6ad774bb1229d6b4d6a142,
        type: 3}
      propertyPath: m_LocalEulerAnglesHint.y
      value: 0
      objectReference: {fileID: 0}
    - target: {fileID: 804992703378503545, guid: 68c259836f6ad774bb1229d6b4d6a142,
        type: 3}
      propertyPath: m_LocalEulerAnglesHint.z
      value: 0
      objectReference: {fileID: 0}
    - target: {fileID: 2687636658474250678, guid: 68c259836f6ad774bb1229d6b4d6a142,
        type: 3}
      propertyPath: m_Materials.Array.data[0]
      value: 
      objectReference: {fileID: 2100000, guid: 073628b127663f5488950aaac7dde3a6, type: 2}
    m_RemovedComponents: []
  m_SourcePrefab: {fileID: 100100000, guid: 68c259836f6ad774bb1229d6b4d6a142, type: 3}
--- !u!4 &4015272896309995408 stripped
Transform:
  m_CorrespondingSourceObject: {fileID: 804992703378503545, guid: 68c259836f6ad774bb1229d6b4d6a142,
    type: 3}
  m_PrefabInstance: {fileID: 4364821424299806953}
  m_PrefabAsset: {fileID: 0}
--- !u!1001 &4522109336724508209
PrefabInstance:
  m_ObjectHideFlags: 0
  serializedVersion: 2
  m_Modification:
    m_TransformParent: {fileID: 1336890009449719594}
    m_Modifications:
    - target: {fileID: 2979522457582118804, guid: 6f6fee4b1d556bd4a8b83ff99a6731a8,
        type: 3}
      propertyPath: m_Name
      value: Round table (1)
      objectReference: {fileID: 0}
    - target: {fileID: 2234412392285853063, guid: 6f6fee4b1d556bd4a8b83ff99a6731a8,
        type: 3}
      propertyPath: m_LocalPosition.x
      value: -0.083
      objectReference: {fileID: 0}
    - target: {fileID: 2234412392285853063, guid: 6f6fee4b1d556bd4a8b83ff99a6731a8,
        type: 3}
      propertyPath: m_LocalPosition.y
      value: 0.017000003
      objectReference: {fileID: 0}
    - target: {fileID: 2234412392285853063, guid: 6f6fee4b1d556bd4a8b83ff99a6731a8,
        type: 3}
      propertyPath: m_LocalPosition.z
      value: -1.07
      objectReference: {fileID: 0}
    - target: {fileID: 2234412392285853063, guid: 6f6fee4b1d556bd4a8b83ff99a6731a8,
        type: 3}
      propertyPath: m_LocalRotation.x
      value: -0.7071068
      objectReference: {fileID: 0}
    - target: {fileID: 2234412392285853063, guid: 6f6fee4b1d556bd4a8b83ff99a6731a8,
        type: 3}
      propertyPath: m_LocalRotation.y
      value: -0
      objectReference: {fileID: 0}
    - target: {fileID: 2234412392285853063, guid: 6f6fee4b1d556bd4a8b83ff99a6731a8,
        type: 3}
      propertyPath: m_LocalRotation.z
      value: -0
      objectReference: {fileID: 0}
    - target: {fileID: 2234412392285853063, guid: 6f6fee4b1d556bd4a8b83ff99a6731a8,
        type: 3}
      propertyPath: m_LocalRotation.w
      value: 0.7071068
      objectReference: {fileID: 0}
    - target: {fileID: 2234412392285853063, guid: 6f6fee4b1d556bd4a8b83ff99a6731a8,
        type: 3}
      propertyPath: m_RootOrder
      value: 5
      objectReference: {fileID: 0}
    - target: {fileID: 2234412392285853063, guid: 6f6fee4b1d556bd4a8b83ff99a6731a8,
        type: 3}
      propertyPath: m_LocalEulerAnglesHint.x
      value: -90
      objectReference: {fileID: 0}
    - target: {fileID: 2234412392285853063, guid: 6f6fee4b1d556bd4a8b83ff99a6731a8,
        type: 3}
      propertyPath: m_LocalEulerAnglesHint.y
      value: 0
      objectReference: {fileID: 0}
    - target: {fileID: 2234412392285853063, guid: 6f6fee4b1d556bd4a8b83ff99a6731a8,
        type: 3}
      propertyPath: m_LocalEulerAnglesHint.z
      value: 0
      objectReference: {fileID: 0}
    - target: {fileID: 2234412392285853063, guid: 6f6fee4b1d556bd4a8b83ff99a6731a8,
        type: 3}
      propertyPath: m_LocalScale.y
      value: 0.50000024
      objectReference: {fileID: 0}
    - target: {fileID: 2234412392285853063, guid: 6f6fee4b1d556bd4a8b83ff99a6731a8,
        type: 3}
      propertyPath: m_LocalScale.z
      value: 0.50000024
      objectReference: {fileID: 0}
    m_RemovedComponents: []
  m_SourcePrefab: {fileID: 100100000, guid: 6f6fee4b1d556bd4a8b83ff99a6731a8, type: 3}
--- !u!4 &2433061181516995510 stripped
Transform:
  m_CorrespondingSourceObject: {fileID: 2234412392285853063, guid: 6f6fee4b1d556bd4a8b83ff99a6731a8,
    type: 3}
  m_PrefabInstance: {fileID: 4522109336724508209}
  m_PrefabAsset: {fileID: 0}
--- !u!1001 &4992539727084426272
PrefabInstance:
  m_ObjectHideFlags: 0
  serializedVersion: 2
  m_Modification:
    m_TransformParent: {fileID: 1336890009449719594}
    m_Modifications:
    - target: {fileID: 8181406554276336086, guid: 1f9ffc59fd18242be8a884fa2a4da12c,
        type: 3}
      propertyPath: m_Name
      value: End
      objectReference: {fileID: 0}
    - target: {fileID: 2928097861400041904, guid: 1f9ffc59fd18242be8a884fa2a4da12c,
        type: 3}
      propertyPath: m_LocalPosition.x
      value: -0.615
      objectReference: {fileID: 0}
    - target: {fileID: 2928097861400041904, guid: 1f9ffc59fd18242be8a884fa2a4da12c,
        type: 3}
      propertyPath: m_LocalPosition.y
      value: -0.322
      objectReference: {fileID: 0}
    - target: {fileID: 2928097861400041904, guid: 1f9ffc59fd18242be8a884fa2a4da12c,
        type: 3}
      propertyPath: m_LocalPosition.z
      value: -0.527
      objectReference: {fileID: 0}
    - target: {fileID: 2928097861400041904, guid: 1f9ffc59fd18242be8a884fa2a4da12c,
        type: 3}
      propertyPath: m_LocalRotation.x
      value: 0.7071068
      objectReference: {fileID: 0}
    - target: {fileID: 2928097861400041904, guid: 1f9ffc59fd18242be8a884fa2a4da12c,
        type: 3}
      propertyPath: m_LocalRotation.y
      value: 0
      objectReference: {fileID: 0}
    - target: {fileID: 2928097861400041904, guid: 1f9ffc59fd18242be8a884fa2a4da12c,
        type: 3}
      propertyPath: m_LocalRotation.z
      value: 0
      objectReference: {fileID: 0}
    - target: {fileID: 2928097861400041904, guid: 1f9ffc59fd18242be8a884fa2a4da12c,
        type: 3}
      propertyPath: m_LocalRotation.w
      value: 0.7071068
      objectReference: {fileID: 0}
    - target: {fileID: 2928097861400041904, guid: 1f9ffc59fd18242be8a884fa2a4da12c,
        type: 3}
      propertyPath: m_RootOrder
      value: 6
      objectReference: {fileID: 0}
    - target: {fileID: 2928097861400041904, guid: 1f9ffc59fd18242be8a884fa2a4da12c,
        type: 3}
      propertyPath: m_LocalEulerAnglesHint.x
      value: 90
      objectReference: {fileID: 0}
    - target: {fileID: 2928097861400041904, guid: 1f9ffc59fd18242be8a884fa2a4da12c,
        type: 3}
      propertyPath: m_LocalEulerAnglesHint.y
      value: 0
      objectReference: {fileID: 0}
    - target: {fileID: 2928097861400041904, guid: 1f9ffc59fd18242be8a884fa2a4da12c,
        type: 3}
      propertyPath: m_LocalEulerAnglesHint.z
      value: 0
      objectReference: {fileID: 0}
    m_RemovedComponents: []
  m_SourcePrefab: {fileID: 100100000, guid: 1f9ffc59fd18242be8a884fa2a4da12c, type: 3}
--- !u!4 &7920601476390456720 stripped
Transform:
  m_CorrespondingSourceObject: {fileID: 2928097861400041904, guid: 1f9ffc59fd18242be8a884fa2a4da12c,
    type: 3}
  m_PrefabInstance: {fileID: 4992539727084426272}
  m_PrefabAsset: {fileID: 0}
--- !u!1001 &5172876272823958894
PrefabInstance:
  m_ObjectHideFlags: 0
  serializedVersion: 2
  m_Modification:
    m_TransformParent: {fileID: 1261302626094264797}
    m_Modifications:
    - target: {fileID: 1148821696479539829, guid: 834e30b6766b888489cd657b93bce111,
        type: 3}
      propertyPath: m_Name
      value: Trampoline
      objectReference: {fileID: 0}
    - target: {fileID: 1766856814106652185, guid: 834e30b6766b888489cd657b93bce111,
        type: 3}
      propertyPath: m_LocalPosition.x
      value: 0
      objectReference: {fileID: 0}
    - target: {fileID: 1766856814106652185, guid: 834e30b6766b888489cd657b93bce111,
        type: 3}
      propertyPath: m_LocalPosition.y
      value: 0
      objectReference: {fileID: 0}
    - target: {fileID: 1766856814106652185, guid: 834e30b6766b888489cd657b93bce111,
        type: 3}
      propertyPath: m_LocalPosition.z
      value: 0
      objectReference: {fileID: 0}
    - target: {fileID: 1766856814106652185, guid: 834e30b6766b888489cd657b93bce111,
        type: 3}
      propertyPath: m_LocalRotation.x
      value: 0
      objectReference: {fileID: 0}
    - target: {fileID: 1766856814106652185, guid: 834e30b6766b888489cd657b93bce111,
        type: 3}
      propertyPath: m_LocalRotation.y
      value: 0
      objectReference: {fileID: 0}
    - target: {fileID: 1766856814106652185, guid: 834e30b6766b888489cd657b93bce111,
        type: 3}
      propertyPath: m_LocalRotation.z
      value: 0
      objectReference: {fileID: 0}
    - target: {fileID: 1766856814106652185, guid: 834e30b6766b888489cd657b93bce111,
        type: 3}
      propertyPath: m_LocalRotation.w
      value: 1
      objectReference: {fileID: 0}
    - target: {fileID: 1766856814106652185, guid: 834e30b6766b888489cd657b93bce111,
        type: 3}
      propertyPath: m_RootOrder
      value: 4
      objectReference: {fileID: 0}
    - target: {fileID: 1766856814106652185, guid: 834e30b6766b888489cd657b93bce111,
        type: 3}
      propertyPath: m_LocalEulerAnglesHint.x
      value: 0
      objectReference: {fileID: 0}
    - target: {fileID: 1766856814106652185, guid: 834e30b6766b888489cd657b93bce111,
        type: 3}
      propertyPath: m_LocalEulerAnglesHint.y
      value: 0
      objectReference: {fileID: 0}
    - target: {fileID: 1766856814106652185, guid: 834e30b6766b888489cd657b93bce111,
        type: 3}
      propertyPath: m_LocalEulerAnglesHint.z
      value: 0
      objectReference: {fileID: 0}
    m_RemovedComponents: []
  m_SourcePrefab: {fileID: 100100000, guid: 834e30b6766b888489cd657b93bce111, type: 3}
--- !u!4 &6867036676485141367 stripped
Transform:
  m_CorrespondingSourceObject: {fileID: 1766856814106652185, guid: 834e30b6766b888489cd657b93bce111,
    type: 3}
  m_PrefabInstance: {fileID: 5172876272823958894}
  m_PrefabAsset: {fileID: 0}
--- !u!1001 &5497584823624669989
PrefabInstance:
  m_ObjectHideFlags: 0
  serializedVersion: 2
  m_Modification:
    m_TransformParent: {fileID: 1336890009449719594}
    m_Modifications:
    - target: {fileID: 3474331627079585014, guid: 2d7cf545fc219804ea38c21ef232b0fc,
        type: 3}
      propertyPath: m_Name
      value: Outdoor table
      objectReference: {fileID: 0}
    - target: {fileID: 462771164367634149, guid: 2d7cf545fc219804ea38c21ef232b0fc,
        type: 3}
      propertyPath: m_LocalPosition.x
      value: -0.000000013411046
      objectReference: {fileID: 0}
    - target: {fileID: 462771164367634149, guid: 2d7cf545fc219804ea38c21ef232b0fc,
        type: 3}
      propertyPath: m_LocalPosition.y
      value: -0.7
      objectReference: {fileID: 0}
    - target: {fileID: 462771164367634149, guid: 2d7cf545fc219804ea38c21ef232b0fc,
        type: 3}
      propertyPath: m_LocalPosition.z
      value: 0.15304212
      objectReference: {fileID: 0}
    - target: {fileID: 462771164367634149, guid: 2d7cf545fc219804ea38c21ef232b0fc,
        type: 3}
      propertyPath: m_LocalRotation.x
      value: -0.70213366
      objectReference: {fileID: 0}
    - target: {fileID: 462771164367634149, guid: 2d7cf545fc219804ea38c21ef232b0fc,
        type: 3}
      propertyPath: m_LocalRotation.y
      value: -0.000000005587935
      objectReference: {fileID: 0}
    - target: {fileID: 462771164367634149, guid: 2d7cf545fc219804ea38c21ef232b0fc,
        type: 3}
      propertyPath: m_LocalRotation.z
      value: 9.3132246e-10
      objectReference: {fileID: 0}
    - target: {fileID: 462771164367634149, guid: 2d7cf545fc219804ea38c21ef232b0fc,
        type: 3}
      propertyPath: m_LocalRotation.w
      value: 0.7120452
      objectReference: {fileID: 0}
    - target: {fileID: 462771164367634149, guid: 2d7cf545fc219804ea38c21ef232b0fc,
        type: 3}
      propertyPath: m_RootOrder
      value: 2
      objectReference: {fileID: 0}
    - target: {fileID: 462771164367634149, guid: 2d7cf545fc219804ea38c21ef232b0fc,
        type: 3}
      propertyPath: m_LocalEulerAnglesHint.x
      value: -89.19701
      objectReference: {fileID: 0}
    - target: {fileID: 462771164367634149, guid: 2d7cf545fc219804ea38c21ef232b0fc,
        type: 3}
      propertyPath: m_LocalEulerAnglesHint.y
      value: 0
      objectReference: {fileID: 0}
    - target: {fileID: 462771164367634149, guid: 2d7cf545fc219804ea38c21ef232b0fc,
        type: 3}
      propertyPath: m_LocalEulerAnglesHint.z
      value: 0
      objectReference: {fileID: 0}
    m_RemovedComponents: []
  m_SourcePrefab: {fileID: 100100000, guid: 2d7cf545fc219804ea38c21ef232b0fc, type: 3}
--- !u!4 &5343327070549648832 stripped
Transform:
  m_CorrespondingSourceObject: {fileID: 462771164367634149, guid: 2d7cf545fc219804ea38c21ef232b0fc,
    type: 3}
  m_PrefabInstance: {fileID: 5497584823624669989}
  m_PrefabAsset: {fileID: 0}
--- !u!1001 &5898443449787082076
PrefabInstance:
  m_ObjectHideFlags: 0
  serializedVersion: 2
  m_Modification:
    m_TransformParent: {fileID: 1261302626094264797}
    m_Modifications:
    - target: {fileID: 4086148507123610094, guid: 695f50e3959bb9b4a9082b72a925ec2d,
        type: 3}
      propertyPath: m_Name
      value: Add bottle (1)
      objectReference: {fileID: 0}
    - target: {fileID: 1076276413403661309, guid: 695f50e3959bb9b4a9082b72a925ec2d,
        type: 3}
      propertyPath: m_LocalPosition.x
      value: -0.166
      objectReference: {fileID: 0}
    - target: {fileID: 1076276413403661309, guid: 695f50e3959bb9b4a9082b72a925ec2d,
        type: 3}
      propertyPath: m_LocalPosition.y
      value: 0.0393
      objectReference: {fileID: 0}
    - target: {fileID: 1076276413403661309, guid: 695f50e3959bb9b4a9082b72a925ec2d,
        type: 3}
      propertyPath: m_LocalPosition.z
      value: -0.913
      objectReference: {fileID: 0}
    - target: {fileID: 1076276413403661309, guid: 695f50e3959bb9b4a9082b72a925ec2d,
        type: 3}
      propertyPath: m_LocalRotation.x
      value: 0.31927988
      objectReference: {fileID: 0}
    - target: {fileID: 1076276413403661309, guid: 695f50e3959bb9b4a9082b72a925ec2d,
        type: 3}
      propertyPath: m_LocalRotation.y
      value: -0
      objectReference: {fileID: 0}
    - target: {fileID: 1076276413403661309, guid: 695f50e3959bb9b4a9082b72a925ec2d,
        type: 3}
      propertyPath: m_LocalRotation.z
      value: -0.9476605
      objectReference: {fileID: 0}
    - target: {fileID: 1076276413403661309, guid: 695f50e3959bb9b4a9082b72a925ec2d,
        type: 3}
      propertyPath: m_LocalRotation.w
      value: 0
      objectReference: {fileID: 0}
    - target: {fileID: 1076276413403661309, guid: 695f50e3959bb9b4a9082b72a925ec2d,
        type: 3}
      propertyPath: m_RootOrder
      value: 9
      objectReference: {fileID: 0}
    - target: {fileID: 1076276413403661309, guid: 695f50e3959bb9b4a9082b72a925ec2d,
        type: 3}
      propertyPath: m_LocalEulerAnglesHint.x
      value: 180
      objectReference: {fileID: 0}
    - target: {fileID: 1076276413403661309, guid: 695f50e3959bb9b4a9082b72a925ec2d,
        type: 3}
      propertyPath: m_LocalEulerAnglesHint.y
      value: 142.761
      objectReference: {fileID: 0}
    - target: {fileID: 1076276413403661309, guid: 695f50e3959bb9b4a9082b72a925ec2d,
        type: 3}
      propertyPath: m_LocalEulerAnglesHint.z
      value: -0.000015258789
      objectReference: {fileID: 0}
    m_RemovedComponents: []
  m_SourcePrefab: {fileID: 100100000, guid: 695f50e3959bb9b4a9082b72a925ec2d, type: 3}
--- !u!4 &6860328734483244705 stripped
Transform:
  m_CorrespondingSourceObject: {fileID: 1076276413403661309, guid: 695f50e3959bb9b4a9082b72a925ec2d,
    type: 3}
  m_PrefabInstance: {fileID: 5898443449787082076}
  m_PrefabAsset: {fileID: 0}
--- !u!1001 &6504034775117292665
PrefabInstance:
  m_ObjectHideFlags: 0
  serializedVersion: 2
  m_Modification:
    m_TransformParent: {fileID: 1261302626094264797}
    m_Modifications:
    - target: {fileID: 4086148507123610094, guid: 695f50e3959bb9b4a9082b72a925ec2d,
        type: 3}
      propertyPath: m_Name
      value: Add bottle (2)
      objectReference: {fileID: 0}
    - target: {fileID: 1076276413403661309, guid: 695f50e3959bb9b4a9082b72a925ec2d,
        type: 3}
      propertyPath: m_LocalPosition.x
      value: -1.137
      objectReference: {fileID: 0}
    - target: {fileID: 1076276413403661309, guid: 695f50e3959bb9b4a9082b72a925ec2d,
        type: 3}
      propertyPath: m_LocalPosition.y
      value: 0.04
      objectReference: {fileID: 0}
    - target: {fileID: 1076276413403661309, guid: 695f50e3959bb9b4a9082b72a925ec2d,
        type: 3}
      propertyPath: m_LocalPosition.z
      value: -0.392
      objectReference: {fileID: 0}
    - target: {fileID: 1076276413403661309, guid: 695f50e3959bb9b4a9082b72a925ec2d,
        type: 3}
      propertyPath: m_LocalRotation.x
      value: -0.029167194
      objectReference: {fileID: 0}
    - target: {fileID: 1076276413403661309, guid: 695f50e3959bb9b4a9082b72a925ec2d,
        type: 3}
      propertyPath: m_LocalRotation.y
      value: -0
      objectReference: {fileID: 0}
    - target: {fileID: 1076276413403661309, guid: 695f50e3959bb9b4a9082b72a925ec2d,
        type: 3}
      propertyPath: m_LocalRotation.z
      value: -0.99957454
      objectReference: {fileID: 0}
    - target: {fileID: 1076276413403661309, guid: 695f50e3959bb9b4a9082b72a925ec2d,
        type: 3}
      propertyPath: m_LocalRotation.w
      value: 0
      objectReference: {fileID: 0}
    - target: {fileID: 1076276413403661309, guid: 695f50e3959bb9b4a9082b72a925ec2d,
        type: 3}
      propertyPath: m_RootOrder
      value: 12
      objectReference: {fileID: 0}
    - target: {fileID: 1076276413403661309, guid: 695f50e3959bb9b4a9082b72a925ec2d,
        type: 3}
      propertyPath: m_LocalEulerAnglesHint.x
      value: 180
      objectReference: {fileID: 0}
    - target: {fileID: 1076276413403661309, guid: 695f50e3959bb9b4a9082b72a925ec2d,
        type: 3}
      propertyPath: m_LocalEulerAnglesHint.y
      value: 183.343
      objectReference: {fileID: 0}
    - target: {fileID: 1076276413403661309, guid: 695f50e3959bb9b4a9082b72a925ec2d,
        type: 3}
      propertyPath: m_LocalEulerAnglesHint.z
      value: 0
      objectReference: {fileID: 0}
    m_RemovedComponents: []
  m_SourcePrefab: {fileID: 100100000, guid: 695f50e3959bb9b4a9082b72a925ec2d, type: 3}
--- !u!4 &6101615091628238724 stripped
Transform:
  m_CorrespondingSourceObject: {fileID: 1076276413403661309, guid: 695f50e3959bb9b4a9082b72a925ec2d,
    type: 3}
  m_PrefabInstance: {fileID: 6504034775117292665}
  m_PrefabAsset: {fileID: 0}
--- !u!1001 &6852179559232704928
PrefabInstance:
  m_ObjectHideFlags: 0
  serializedVersion: 2
  m_Modification:
    m_TransformParent: {fileID: 1261302626094264797}
    m_Modifications:
    - target: {fileID: 5113172097649240881, guid: f76bc534d0e244d4a87835ede1011540,
        type: 3}
      propertyPath: m_Name
      value: Unlucky_strikes (5)
      objectReference: {fileID: 0}
    - target: {fileID: 8119703389493041442, guid: f76bc534d0e244d4a87835ede1011540,
        type: 3}
      propertyPath: m_LocalPosition.x
      value: -1.3827621
      objectReference: {fileID: 0}
    - target: {fileID: 8119703389493041442, guid: f76bc534d0e244d4a87835ede1011540,
        type: 3}
      propertyPath: m_LocalPosition.y
      value: 0.0172
      objectReference: {fileID: 0}
    - target: {fileID: 8119703389493041442, guid: f76bc534d0e244d4a87835ede1011540,
        type: 3}
      propertyPath: m_LocalPosition.z
      value: -0.39447603
      objectReference: {fileID: 0}
    - target: {fileID: 8119703389493041442, guid: f76bc534d0e244d4a87835ede1011540,
        type: 3}
      propertyPath: m_LocalRotation.x
      value: 0.13602066
      objectReference: {fileID: 0}
    - target: {fileID: 8119703389493041442, guid: f76bc534d0e244d4a87835ede1011540,
        type: 3}
      propertyPath: m_LocalRotation.y
      value: -0.13602066
      objectReference: {fileID: 0}
    - target: {fileID: 8119703389493041442, guid: f76bc534d0e244d4a87835ede1011540,
        type: 3}
      propertyPath: m_LocalRotation.z
      value: -0.6939009
      objectReference: {fileID: 0}
    - target: {fileID: 8119703389493041442, guid: f76bc534d0e244d4a87835ede1011540,
        type: 3}
      propertyPath: m_LocalRotation.w
      value: 0.6939009
      objectReference: {fileID: 0}
    - target: {fileID: 8119703389493041442, guid: f76bc534d0e244d4a87835ede1011540,
        type: 3}
      propertyPath: m_RootOrder
      value: 16
      objectReference: {fileID: 0}
    - target: {fileID: 8119703389493041442, guid: f76bc534d0e244d4a87835ede1011540,
        type: 3}
      propertyPath: m_LocalEulerAnglesHint.x
      value: 0
      objectReference: {fileID: 0}
    - target: {fileID: 8119703389493041442, guid: f76bc534d0e244d4a87835ede1011540,
        type: 3}
      propertyPath: m_LocalEulerAnglesHint.y
      value: -22.181002
      objectReference: {fileID: 0}
    - target: {fileID: 8119703389493041442, guid: f76bc534d0e244d4a87835ede1011540,
        type: 3}
      propertyPath: m_LocalEulerAnglesHint.z
      value: -90.00001
      objectReference: {fileID: 0}
    m_RemovedComponents: []
  m_SourcePrefab: {fileID: 100100000, guid: f76bc534d0e244d4a87835ede1011540, type: 3}
--- !u!4 &3438830605323110530 stripped
Transform:
  m_CorrespondingSourceObject: {fileID: 8119703389493041442, guid: f76bc534d0e244d4a87835ede1011540,
    type: 3}
  m_PrefabInstance: {fileID: 6852179559232704928}
  m_PrefabAsset: {fileID: 0}
--- !u!1001 &6871693611248111043
PrefabInstance:
  m_ObjectHideFlags: 0
  serializedVersion: 2
  m_Modification:
    m_TransformParent: {fileID: 1261302626094264797}
    m_Modifications:
    - target: {fileID: 1148821696479539829, guid: 834e30b6766b888489cd657b93bce111,
        type: 3}
      propertyPath: m_Name
      value: Trampoline (3)
      objectReference: {fileID: 0}
    - target: {fileID: 1766856814106652185, guid: 834e30b6766b888489cd657b93bce111,
        type: 3}
      propertyPath: m_LocalPosition.x
      value: -0.727
      objectReference: {fileID: 0}
    - target: {fileID: 1766856814106652185, guid: 834e30b6766b888489cd657b93bce111,
        type: 3}
      propertyPath: m_LocalPosition.y
      value: 0.0174
      objectReference: {fileID: 0}
    - target: {fileID: 1766856814106652185, guid: 834e30b6766b888489cd657b93bce111,
        type: 3}
      propertyPath: m_LocalPosition.z
      value: -1.243
      objectReference: {fileID: 0}
    - target: {fileID: 1766856814106652185, guid: 834e30b6766b888489cd657b93bce111,
        type: 3}
      propertyPath: m_LocalRotation.x
      value: -0
      objectReference: {fileID: 0}
    - target: {fileID: 1766856814106652185, guid: 834e30b6766b888489cd657b93bce111,
        type: 3}
      propertyPath: m_LocalRotation.y
      value: -0.17541592
      objectReference: {fileID: 0}
    - target: {fileID: 1766856814106652185, guid: 834e30b6766b888489cd657b93bce111,
        type: 3}
      propertyPath: m_LocalRotation.z
      value: -0
      objectReference: {fileID: 0}
    - target: {fileID: 1766856814106652185, guid: 834e30b6766b888489cd657b93bce111,
        type: 3}
      propertyPath: m_LocalRotation.w
      value: -0.98449445
      objectReference: {fileID: 0}
    - target: {fileID: 1766856814106652185, guid: 834e30b6766b888489cd657b93bce111,
        type: 3}
      propertyPath: m_RootOrder
      value: 10
      objectReference: {fileID: 0}
    - target: {fileID: 1766856814106652185, guid: 834e30b6766b888489cd657b93bce111,
        type: 3}
      propertyPath: m_LocalEulerAnglesHint.x
      value: 0
      objectReference: {fileID: 0}
    - target: {fileID: 1766856814106652185, guid: 834e30b6766b888489cd657b93bce111,
        type: 3}
      propertyPath: m_LocalEulerAnglesHint.y
      value: 380.206
      objectReference: {fileID: 0}
    - target: {fileID: 1766856814106652185, guid: 834e30b6766b888489cd657b93bce111,
        type: 3}
      propertyPath: m_LocalEulerAnglesHint.z
      value: 0
      objectReference: {fileID: 0}
    - target: {fileID: 573496313310830240, guid: 834e30b6766b888489cd657b93bce111,
        type: 3}
      propertyPath: m_LocalRotation.x
      value: -0.35104075
      objectReference: {fileID: 0}
    - target: {fileID: 573496313310830240, guid: 834e30b6766b888489cd657b93bce111,
        type: 3}
      propertyPath: m_LocalRotation.y
      value: -0.7070897
      objectReference: {fileID: 0}
    - target: {fileID: 573496313310830240, guid: 834e30b6766b888489cd657b93bce111,
        type: 3}
      propertyPath: m_LocalRotation.z
      value: -0.61382914
      objectReference: {fileID: 0}
    - target: {fileID: 573496313310830240, guid: 834e30b6766b888489cd657b93bce111,
        type: 3}
      propertyPath: m_LocalRotation.w
      value: 0.002902805
      objectReference: {fileID: 0}
    - target: {fileID: 573496313310830240, guid: 834e30b6766b888489cd657b93bce111,
        type: 3}
      propertyPath: m_LocalPosition.x
      value: 0.3729
      objectReference: {fileID: 0}
    - target: {fileID: 573496313310830240, guid: 834e30b6766b888489cd657b93bce111,
        type: 3}
      propertyPath: m_LocalPosition.y
      value: 0.0215
      objectReference: {fileID: 0}
    - target: {fileID: 573496313310830240, guid: 834e30b6766b888489cd657b93bce111,
        type: 3}
      propertyPath: m_LocalPosition.z
      value: 0.6671
      objectReference: {fileID: 0}
    - target: {fileID: 573496313310830240, guid: 834e30b6766b888489cd657b93bce111,
        type: 3}
      propertyPath: m_LocalEulerAnglesHint.x
      value: -119.52899
      objectReference: {fileID: 0}
    - target: {fileID: 573496313310830240, guid: 834e30b6766b888489cd657b93bce111,
        type: 3}
      propertyPath: m_LocalEulerAnglesHint.z
      value: -89.996
      objectReference: {fileID: 0}
    - target: {fileID: 573496313310830240, guid: 834e30b6766b888489cd657b93bce111,
        type: 3}
      propertyPath: m_LocalEulerAnglesHint.y
      value: -60.00299
      objectReference: {fileID: 0}
    m_RemovedComponents: []
  m_SourcePrefab: {fileID: 100100000, guid: 834e30b6766b888489cd657b93bce111, type: 3}
--- !u!4 &5176898797817422810 stripped
Transform:
  m_CorrespondingSourceObject: {fileID: 1766856814106652185, guid: 834e30b6766b888489cd657b93bce111,
    type: 3}
  m_PrefabInstance: {fileID: 6871693611248111043}
  m_PrefabAsset: {fileID: 0}
--- !u!1001 &8181972582687693874
PrefabInstance:
  m_ObjectHideFlags: 0
  serializedVersion: 2
  m_Modification:
    m_TransformParent: {fileID: 1261302626094264797}
    m_Modifications:
    - target: {fileID: 3819769355731302435, guid: 60fd69f5ece6cf84c94e9c6477548a04,
        type: 3}
      propertyPath: m_Name
      value: Beer bottle
      objectReference: {fileID: 0}
    - target: {fileID: 241455112938031664, guid: 60fd69f5ece6cf84c94e9c6477548a04,
        type: 3}
      propertyPath: m_LocalPosition.x
      value: -0.009999924
      objectReference: {fileID: 0}
    - target: {fileID: 241455112938031664, guid: 60fd69f5ece6cf84c94e9c6477548a04,
        type: 3}
      propertyPath: m_LocalPosition.y
      value: 0
      objectReference: {fileID: 0}
    - target: {fileID: 241455112938031664, guid: 60fd69f5ece6cf84c94e9c6477548a04,
        type: 3}
      propertyPath: m_LocalPosition.z
      value: 0.84700006
      objectReference: {fileID: 0}
    - target: {fileID: 241455112938031664, guid: 60fd69f5ece6cf84c94e9c6477548a04,
        type: 3}
      propertyPath: m_LocalRotation.x
      value: 0.11680019
      objectReference: {fileID: 0}
    - target: {fileID: 241455112938031664, guid: 60fd69f5ece6cf84c94e9c6477548a04,
        type: 3}
      propertyPath: m_LocalRotation.y
      value: -0.69739366
      objectReference: {fileID: 0}
    - target: {fileID: 241455112938031664, guid: 60fd69f5ece6cf84c94e9c6477548a04,
        type: 3}
      propertyPath: m_LocalRotation.z
      value: -0.6973935
      objectReference: {fileID: 0}
    - target: {fileID: 241455112938031664, guid: 60fd69f5ece6cf84c94e9c6477548a04,
        type: 3}
      propertyPath: m_LocalRotation.w
      value: -0.1168002
      objectReference: {fileID: 0}
    - target: {fileID: 241455112938031664, guid: 60fd69f5ece6cf84c94e9c6477548a04,
        type: 3}
      propertyPath: m_RootOrder
      value: 5
      objectReference: {fileID: 0}
    - target: {fileID: 241455112938031664, guid: 60fd69f5ece6cf84c94e9c6477548a04,
        type: 3}
      propertyPath: m_LocalEulerAnglesHint.x
      value: -90.00001
      objectReference: {fileID: 0}
    - target: {fileID: 241455112938031664, guid: 60fd69f5ece6cf84c94e9c6477548a04,
        type: 3}
      propertyPath: m_LocalEulerAnglesHint.y
      value: 0
      objectReference: {fileID: 0}
    - target: {fileID: 241455112938031664, guid: 60fd69f5ece6cf84c94e9c6477548a04,
        type: 3}
      propertyPath: m_LocalEulerAnglesHint.z
      value: -199.015
      objectReference: {fileID: 0}
    m_RemovedComponents: []
  m_SourcePrefab: {fileID: 100100000, guid: 60fd69f5ece6cf84c94e9c6477548a04, type: 3}
--- !u!4 &8274773411860469250 stripped
Transform:
  m_CorrespondingSourceObject: {fileID: 241455112938031664, guid: 60fd69f5ece6cf84c94e9c6477548a04,
    type: 3}
  m_PrefabInstance: {fileID: 8181972582687693874}
  m_PrefabAsset: {fileID: 0}
--- !u!1001 &8645326566786134430
PrefabInstance:
  m_ObjectHideFlags: 0
  serializedVersion: 2
  m_Modification:
    m_TransformParent: {fileID: 1336890009449719594}
    m_Modifications:
    - target: {fileID: 2979522457582118804, guid: 6f6fee4b1d556bd4a8b83ff99a6731a8,
        type: 3}
      propertyPath: m_Name
      value: Round table
      objectReference: {fileID: 0}
    - target: {fileID: 2234412392285853063, guid: 6f6fee4b1d556bd4a8b83ff99a6731a8,
        type: 3}
      propertyPath: m_LocalPosition.x
      value: -1.4470001
      objectReference: {fileID: 0}
    - target: {fileID: 2234412392285853063, guid: 6f6fee4b1d556bd4a8b83ff99a6731a8,
        type: 3}
      propertyPath: m_LocalPosition.y
      value: 0.017
      objectReference: {fileID: 0}
    - target: {fileID: 2234412392285853063, guid: 6f6fee4b1d556bd4a8b83ff99a6731a8,
        type: 3}
      propertyPath: m_LocalPosition.z
      value: -0.346
      objectReference: {fileID: 0}
    - target: {fileID: 2234412392285853063, guid: 6f6fee4b1d556bd4a8b83ff99a6731a8,
        type: 3}
      propertyPath: m_LocalRotation.x
      value: -0.7071068
      objectReference: {fileID: 0}
    - target: {fileID: 2234412392285853063, guid: 6f6fee4b1d556bd4a8b83ff99a6731a8,
        type: 3}
      propertyPath: m_LocalRotation.y
      value: -0
      objectReference: {fileID: 0}
    - target: {fileID: 2234412392285853063, guid: 6f6fee4b1d556bd4a8b83ff99a6731a8,
        type: 3}
      propertyPath: m_LocalRotation.z
      value: -0
      objectReference: {fileID: 0}
    - target: {fileID: 2234412392285853063, guid: 6f6fee4b1d556bd4a8b83ff99a6731a8,
        type: 3}
      propertyPath: m_LocalRotation.w
      value: 0.7071068
      objectReference: {fileID: 0}
    - target: {fileID: 2234412392285853063, guid: 6f6fee4b1d556bd4a8b83ff99a6731a8,
        type: 3}
      propertyPath: m_RootOrder
      value: 1
      objectReference: {fileID: 0}
    - target: {fileID: 2234412392285853063, guid: 6f6fee4b1d556bd4a8b83ff99a6731a8,
        type: 3}
      propertyPath: m_LocalEulerAnglesHint.x
      value: -90
      objectReference: {fileID: 0}
    - target: {fileID: 2234412392285853063, guid: 6f6fee4b1d556bd4a8b83ff99a6731a8,
        type: 3}
      propertyPath: m_LocalEulerAnglesHint.y
      value: 0
      objectReference: {fileID: 0}
    - target: {fileID: 2234412392285853063, guid: 6f6fee4b1d556bd4a8b83ff99a6731a8,
        type: 3}
      propertyPath: m_LocalEulerAnglesHint.z
      value: 0
      objectReference: {fileID: 0}
    m_RemovedComponents: []
  m_SourcePrefab: {fileID: 100100000, guid: 6f6fee4b1d556bd4a8b83ff99a6731a8, type: 3}
--- !u!4 &7563906136817345561 stripped
Transform:
  m_CorrespondingSourceObject: {fileID: 2234412392285853063, guid: 6f6fee4b1d556bd4a8b83ff99a6731a8,
    type: 3}
  m_PrefabInstance: {fileID: 8645326566786134430}
  m_PrefabAsset: {fileID: 0}
--- !u!1001 &9019981497114414905
PrefabInstance:
  m_ObjectHideFlags: 0
  serializedVersion: 2
  m_Modification:
    m_TransformParent: {fileID: 1261302626094264797}
    m_Modifications:
    - target: {fileID: 5113172097649240881, guid: f76bc534d0e244d4a87835ede1011540,
        type: 3}
      propertyPath: m_Name
      value: Unlucky_strikes
      objectReference: {fileID: 0}
    - target: {fileID: 8119703389493041442, guid: f76bc534d0e244d4a87835ede1011540,
        type: 3}
      propertyPath: m_LocalPosition.x
      value: 0.745
      objectReference: {fileID: 0}
    - target: {fileID: 8119703389493041442, guid: f76bc534d0e244d4a87835ede1011540,
        type: 3}
      propertyPath: m_LocalPosition.y
      value: 0
      objectReference: {fileID: 0}
    - target: {fileID: 8119703389493041442, guid: f76bc534d0e244d4a87835ede1011540,
        type: 3}
      propertyPath: m_LocalPosition.z
      value: 0.579
      objectReference: {fileID: 0}
    - target: {fileID: 8119703389493041442, guid: f76bc534d0e244d4a87835ede1011540,
        type: 3}
      propertyPath: m_LocalRotation.x
      value: -0.29456624
      objectReference: {fileID: 0}
    - target: {fileID: 8119703389493041442, guid: f76bc534d0e244d4a87835ede1011540,
        type: 3}
      propertyPath: m_LocalRotation.y
      value: 0.29456624
      objectReference: {fileID: 0}
    - target: {fileID: 8119703389493041442, guid: f76bc534d0e244d4a87835ede1011540,
        type: 3}
      propertyPath: m_LocalRotation.z
      value: -0.6428303
      objectReference: {fileID: 0}
    - target: {fileID: 8119703389493041442, guid: f76bc534d0e244d4a87835ede1011540,
        type: 3}
      propertyPath: m_LocalRotation.w
      value: 0.6428303
      objectReference: {fileID: 0}
    - target: {fileID: 8119703389493041442, guid: f76bc534d0e244d4a87835ede1011540,
        type: 3}
      propertyPath: m_RootOrder
      value: 3
      objectReference: {fileID: 0}
    - target: {fileID: 8119703389493041442, guid: f76bc534d0e244d4a87835ede1011540,
        type: 3}
      propertyPath: m_LocalEulerAnglesHint.x
      value: 0
      objectReference: {fileID: 0}
    - target: {fileID: 8119703389493041442, guid: f76bc534d0e244d4a87835ede1011540,
        type: 3}
      propertyPath: m_LocalEulerAnglesHint.y
      value: 49.238003
      objectReference: {fileID: 0}
    - target: {fileID: 8119703389493041442, guid: f76bc534d0e244d4a87835ede1011540,
        type: 3}
      propertyPath: m_LocalEulerAnglesHint.z
      value: -90.00001
      objectReference: {fileID: 0}
    m_RemovedComponents: []
  m_SourcePrefab: {fileID: 100100000, guid: f76bc534d0e244d4a87835ede1011540, type: 3}
--- !u!4 &973782850230638107 stripped
Transform:
  m_CorrespondingSourceObject: {fileID: 8119703389493041442, guid: f76bc534d0e244d4a87835ede1011540,
    type: 3}
  m_PrefabInstance: {fileID: 9019981497114414905}
  m_PrefabAsset: {fileID: 0}
--- !u!1001 &9035294368355478100
PrefabInstance:
  m_ObjectHideFlags: 0
  serializedVersion: 2
  m_Modification:
    m_TransformParent: {fileID: 1261302626094264797}
    m_Modifications:
    - target: {fileID: 5113172097649240881, guid: f76bc534d0e244d4a87835ede1011540,
        type: 3}
      propertyPath: m_Name
      value: Unlucky_strikes (2)
      objectReference: {fileID: 0}
    - target: {fileID: 8119703389493041442, guid: f76bc534d0e244d4a87835ede1011540,
        type: 3}
      propertyPath: m_LocalPosition.x
      value: -1.332623
      objectReference: {fileID: 0}
    - target: {fileID: 8119703389493041442, guid: f76bc534d0e244d4a87835ede1011540,
        type: 3}
      propertyPath: m_LocalPosition.y
      value: 0.0172
      objectReference: {fileID: 0}
    - target: {fileID: 8119703389493041442, guid: f76bc534d0e244d4a87835ede1011540,
        type: 3}
      propertyPath: m_LocalPosition.z
      value: -0.47986367
      objectReference: {fileID: 0}
    - target: {fileID: 8119703389493041442, guid: f76bc534d0e244d4a87835ede1011540,
        type: 3}
      propertyPath: m_LocalRotation.x
      value: 0.25323778
      objectReference: {fileID: 0}
    - target: {fileID: 8119703389493041442, guid: f76bc534d0e244d4a87835ede1011540,
        type: 3}
      propertyPath: m_LocalRotation.y
      value: -0.25323778
      objectReference: {fileID: 0}
    - target: {fileID: 8119703389493041442, guid: f76bc534d0e244d4a87835ede1011540,
        type: 3}
      propertyPath: m_LocalRotation.z
      value: -0.660205
      objectReference: {fileID: 0}
    - target: {fileID: 8119703389493041442, guid: f76bc534d0e244d4a87835ede1011540,
        type: 3}
      propertyPath: m_LocalRotation.w
      value: 0.660205
      objectReference: {fileID: 0}
    - target: {fileID: 8119703389493041442, guid: f76bc534d0e244d4a87835ede1011540,
        type: 3}
      propertyPath: m_RootOrder
      value: 13
      objectReference: {fileID: 0}
    - target: {fileID: 8119703389493041442, guid: f76bc534d0e244d4a87835ede1011540,
        type: 3}
      propertyPath: m_LocalEulerAnglesHint.x
      value: 0
      objectReference: {fileID: 0}
    - target: {fileID: 8119703389493041442, guid: f76bc534d0e244d4a87835ede1011540,
        type: 3}
      propertyPath: m_LocalEulerAnglesHint.y
      value: -41.971
      objectReference: {fileID: 0}
    - target: {fileID: 8119703389493041442, guid: f76bc534d0e244d4a87835ede1011540,
        type: 3}
      propertyPath: m_LocalEulerAnglesHint.z
      value: -90.00001
      objectReference: {fileID: 0}
    m_RemovedComponents: []
  m_SourcePrefab: {fileID: 100100000, guid: f76bc534d0e244d4a87835ede1011540, type: 3}
--- !u!4 &994498840250741622 stripped
Transform:
  m_CorrespondingSourceObject: {fileID: 8119703389493041442, guid: f76bc534d0e244d4a87835ede1011540,
    type: 3}
  m_PrefabInstance: {fileID: 9035294368355478100}
  m_PrefabAsset: {fileID: 0}
--- !u!1001 &9122194237311542814
PrefabInstance:
  m_ObjectHideFlags: 0
  serializedVersion: 2
  m_Modification:
    m_TransformParent: {fileID: 1261302626094264797}
    m_Modifications:
    - target: {fileID: 5113172097649240881, guid: f76bc534d0e244d4a87835ede1011540,
        type: 3}
      propertyPath: m_Name
      value: Unlucky_strikes (4)
      objectReference: {fileID: 0}
    - target: {fileID: 8119703389493041442, guid: f76bc534d0e244d4a87835ede1011540,
        type: 3}
      propertyPath: m_LocalPosition.x
      value: -1.254366
      objectReference: {fileID: 0}
    - target: {fileID: 8119703389493041442, guid: f76bc534d0e244d4a87835ede1011540,
        type: 3}
      propertyPath: m_LocalPosition.y
      value: 0.0172
      objectReference: {fileID: 0}
    - target: {fileID: 8119703389493041442, guid: f76bc534d0e244d4a87835ede1011540,
        type: 3}
      propertyPath: m_LocalPosition.z
      value: -0.5415157
      objectReference: {fileID: 0}
    - target: {fileID: 8119703389493041442, guid: f76bc534d0e244d4a87835ede1011540,
        type: 3}
      propertyPath: m_LocalRotation.x
      value: 0.58026284
      objectReference: {fileID: 0}
    - target: {fileID: 8119703389493041442, guid: f76bc534d0e244d4a87835ede1011540,
        type: 3}
      propertyPath: m_LocalRotation.y
      value: -0.58026284
      objectReference: {fileID: 0}
    - target: {fileID: 8119703389493041442, guid: f76bc534d0e244d4a87835ede1011540,
        type: 3}
      propertyPath: m_LocalRotation.z
      value: 0.40409783
      objectReference: {fileID: 0}
    - target: {fileID: 8119703389493041442, guid: f76bc534d0e244d4a87835ede1011540,
        type: 3}
      propertyPath: m_LocalRotation.w
      value: -0.40409783
      objectReference: {fileID: 0}
    - target: {fileID: 8119703389493041442, guid: f76bc534d0e244d4a87835ede1011540,
        type: 3}
      propertyPath: m_RootOrder
      value: 15
      objectReference: {fileID: 0}
    - target: {fileID: 8119703389493041442, guid: f76bc534d0e244d4a87835ede1011540,
        type: 3}
      propertyPath: m_LocalEulerAnglesHint.x
      value: 0
      objectReference: {fileID: 0}
    - target: {fileID: 8119703389493041442, guid: f76bc534d0e244d4a87835ede1011540,
        type: 3}
      propertyPath: m_LocalEulerAnglesHint.y
      value: -249.707
      objectReference: {fileID: 0}
    - target: {fileID: 8119703389493041442, guid: f76bc534d0e244d4a87835ede1011540,
        type: 3}
      propertyPath: m_LocalEulerAnglesHint.z
      value: -90.00001
      objectReference: {fileID: 0}
    m_RemovedComponents: []
  m_SourcePrefab: {fileID: 100100000, guid: f76bc534d0e244d4a87835ede1011540, type: 3}
--- !u!4 &1024129547510316860 stripped
Transform:
  m_CorrespondingSourceObject: {fileID: 8119703389493041442, guid: f76bc534d0e244d4a87835ede1011540,
    type: 3}
  m_PrefabInstance: {fileID: 9122194237311542814}
  m_PrefabAsset: {fileID: 0}
--- !u!1001 &9179098400736198461
PrefabInstance:
  m_ObjectHideFlags: 0
  serializedVersion: 2
  m_Modification:
    m_TransformParent: {fileID: 1261302626094264797}
    m_Modifications:
    - target: {fileID: 1148821696479539829, guid: 834e30b6766b888489cd657b93bce111,
        type: 3}
      propertyPath: m_Name
      value: Trampoline (2)
      objectReference: {fileID: 0}
    - target: {fileID: 1766856814106652185, guid: 834e30b6766b888489cd657b93bce111,
        type: 3}
      propertyPath: m_LocalPosition.x
      value: 0.763
      objectReference: {fileID: 0}
    - target: {fileID: 1766856814106652185, guid: 834e30b6766b888489cd657b93bce111,
        type: 3}
      propertyPath: m_LocalPosition.y
      value: 0.0174
      objectReference: {fileID: 0}
    - target: {fileID: 1766856814106652185, guid: 834e30b6766b888489cd657b93bce111,
        type: 3}
      propertyPath: m_LocalPosition.z
      value: -0.24440819
      objectReference: {fileID: 0}
    - target: {fileID: 1766856814106652185, guid: 834e30b6766b888489cd657b93bce111,
        type: 3}
      propertyPath: m_LocalRotation.x
      value: -0
      objectReference: {fileID: 0}
    - target: {fileID: 1766856814106652185, guid: 834e30b6766b888489cd657b93bce111,
        type: 3}
      propertyPath: m_LocalRotation.y
      value: 0.7994919
      objectReference: {fileID: 0}
    - target: {fileID: 1766856814106652185, guid: 834e30b6766b888489cd657b93bce111,
        type: 3}
      propertyPath: m_LocalRotation.z
      value: -0
      objectReference: {fileID: 0}
    - target: {fileID: 1766856814106652185, guid: 834e30b6766b888489cd657b93bce111,
        type: 3}
      propertyPath: m_LocalRotation.w
      value: -0.60067695
      objectReference: {fileID: 0}
    - target: {fileID: 1766856814106652185, guid: 834e30b6766b888489cd657b93bce111,
        type: 3}
      propertyPath: m_RootOrder
      value: 7
      objectReference: {fileID: 0}
    - target: {fileID: 1766856814106652185, guid: 834e30b6766b888489cd657b93bce111,
        type: 3}
      propertyPath: m_LocalEulerAnglesHint.x
      value: 0
      objectReference: {fileID: 0}
    - target: {fileID: 1766856814106652185, guid: 834e30b6766b888489cd657b93bce111,
        type: 3}
      propertyPath: m_LocalEulerAnglesHint.y
      value: 253.837
      objectReference: {fileID: 0}
    - target: {fileID: 1766856814106652185, guid: 834e30b6766b888489cd657b93bce111,
        type: 3}
      propertyPath: m_LocalEulerAnglesHint.z
      value: 0
      objectReference: {fileID: 0}
    - target: {fileID: 573496313310830240, guid: 834e30b6766b888489cd657b93bce111,
        type: 3}
      propertyPath: m_LocalRotation.x
      value: -0.35104075
      objectReference: {fileID: 0}
    - target: {fileID: 573496313310830240, guid: 834e30b6766b888489cd657b93bce111,
        type: 3}
      propertyPath: m_LocalRotation.y
      value: -0.7070897
      objectReference: {fileID: 0}
    - target: {fileID: 573496313310830240, guid: 834e30b6766b888489cd657b93bce111,
        type: 3}
      propertyPath: m_LocalRotation.z
      value: -0.61382914
      objectReference: {fileID: 0}
    - target: {fileID: 573496313310830240, guid: 834e30b6766b888489cd657b93bce111,
        type: 3}
      propertyPath: m_LocalRotation.w
      value: 0.002902805
      objectReference: {fileID: 0}
    - target: {fileID: 573496313310830240, guid: 834e30b6766b888489cd657b93bce111,
        type: 3}
      propertyPath: m_LocalPosition.x
      value: 0.3729
      objectReference: {fileID: 0}
    - target: {fileID: 573496313310830240, guid: 834e30b6766b888489cd657b93bce111,
        type: 3}
      propertyPath: m_LocalPosition.y
      value: 0.0215
      objectReference: {fileID: 0}
    - target: {fileID: 573496313310830240, guid: 834e30b6766b888489cd657b93bce111,
        type: 3}
      propertyPath: m_LocalPosition.z
      value: 0.6671
      objectReference: {fileID: 0}
    - target: {fileID: 573496313310830240, guid: 834e30b6766b888489cd657b93bce111,
        type: 3}
      propertyPath: m_LocalEulerAnglesHint.x
      value: -119.52899
      objectReference: {fileID: 0}
    - target: {fileID: 573496313310830240, guid: 834e30b6766b888489cd657b93bce111,
        type: 3}
      propertyPath: m_LocalEulerAnglesHint.z
      value: -89.996
      objectReference: {fileID: 0}
    - target: {fileID: 573496313310830240, guid: 834e30b6766b888489cd657b93bce111,
        type: 3}
      propertyPath: m_LocalEulerAnglesHint.y
      value: -60.00299
      objectReference: {fileID: 0}
    m_RemovedComponents: []
  m_SourcePrefab: {fileID: 100100000, guid: 834e30b6766b888489cd657b93bce111, type: 3}
--- !u!4 &7487119711519543588 stripped
Transform:
  m_CorrespondingSourceObject: {fileID: 1766856814106652185, guid: 834e30b6766b888489cd657b93bce111,
    type: 3}
  m_PrefabInstance: {fileID: 9179098400736198461}
  m_PrefabAsset: {fileID: 0}
